 Dungeon Crawl Stone Soup version 0.20-a0-1116-gaa52201 (webtiles) character file.

791838 Deaus the Vine Barricade (level 27, -7/138 HPs)
             Began as a Vine Stalker Fighter on May 5, 2017.
             Was the Champion of Zin.
             Killed by divine providence
             ... invoked by a greater mummy
              (11 damage)
             ... on level 2 of the Tomb of the Ancients on May 7, 2017.
             The game lasted 06:13:49 (65478 turns).

Deaus the Vine Barricade (Vine Stalker Fighter)    Turns: 65478, Time: 06:13:50

Health: -7/138     AC: 46    Str: 32    XL:     27
Magic:  0/49       EV: 28    Int: 11    God:    Zin [******]
Gold:   6615       SH: 45    Dex: 25    Spells: 43/50 levels left

rFire    + + .     SeeInvis +   a - +6 broad axe of Traps {holy, rElec rC+ Dex+3}
rCold    + + .     Gourm    .   F - +8 large shield
rNeg     + + +     Faith    .   z - +10 pearl dragon scales
rPois    +         Spirit   +   o - +2 helmet {SInv}
rElec    +         Reflect  +   x - scarf {rC+ rF+}
rCorr    .         Harm     .   c - +3 pair of gauntlets of War {Slay+5}
MR       +++..                  j - +0 pair of boots of Xiutt {rF- rN+++ Str+2 Dex+2}
Stlth    +++++++...             n - +4 amulet of reflection
Regen    1.2/turn               P - ring "Vocuegit" {*Drain rPois rF++ MP+9 Int+3}
MPRegen  0.4/turn               y - ring of Zesmocoxuo {AC+6 Dex+4}

@: studying Fighting
A: fangs 3, large bone plates 1, mutation resistance 1, regeneration 2, magic
shield, antimagic bite, no potion heal 3, rot immunity
}: 4/15 runes: decaying, serpentine, slimy, silver
a: Recite, Vitalisation, Imprison, Sanctuary, Donate Gold, Cure All Mutations,
Renounce Religion


You were on level 2 of the Tomb of the Ancients.
You worshipped Zin.
Zin was exalted by your worship.
You were not hungry.

You visited 13 branches of the dungeon, and saw 60 of its levels.
You visited the Abyss 1 time.
You also visited: Labyrinth, Trove, Ice Cave, Volcano and Desolation.

You collected 38150 gold pieces.
You spent 9217 gold pieces at shops.
You donated 5578 gold pieces to Zin.
You paid 16740 gold pieces to Gozag.

Inventory:

Hand Weapons
 a - the +6 broad axe of Traps (weapon) {holy, rElec rC+ Dex+3}
   (You found it in a treasure trove)

   It has been blessed by the Shining One to cause great damage to the undead
   and demons.
   It affects your dexterity (+3).
   It protects you from cold.
   It insulates you from electricity.
 b - the +5 broad axe of Lies {chop, rF+ MR+}
   (You found it on level 3 of the Depths)

   It inflicts extra damage upon your enemies.
   It protects you from fire.
   It affects your resistance to hostile enchantments.
 K - the +6 hunting sling of Shrieking Terror {venom, rElec rF++ Dex+4, unknown}
   (You found it on level 2 of the Crypt)

   It poisons the ammo it fires.
   It affects your dexterity (+4).
   It greatly protects you from fire.
   It insulates you from electricity.
 U - the +1 spear "Allixtis" {holy, rN+ Str+4 Int+4, unknown}
   (You found it on level 1 of the Crypt)

   It has been blessed by the Shining One to cause great damage to the undead
   and demons.
   It affects your strength (+4).
   It affects your intelligence (+4).
   It protects you from negative energy.
Armour
 c - the +3 pair of gauntlets of War (worn) {Slay+5}
   (You bought it in a shop on level 1 of the Lair of Beasts)

   It affects your accuracy and damage with ranged weapons and melee attacks
   (+5).
 j - the +0 pair of boots of Xiutt (worn) {rF- rN+++ Str+2 Dex+2}
   (You acquired it on level 1 of the Lair of Beasts)

   It affects your strength (+2).
   It affects your dexterity (+2).
   It makes you vulnerable to fire.
   It renders you almost immune to negative energy.
 o - a +2 helmet of see invisible (worn)
 x - a scarf of resistance (worn)
 z - +10 pearl dragon scales (worn)
 F - a +8 large shield (worn)
Jewellery
 l - an uncursed ring of protection from cold
 m - an uncursed ring of flight
 n - a +4 amulet of reflection (around neck)
 u - the amulet "Ewep" {Spirit rF+ Str-4 Int+9}
   (You found it in the Desolation of Salt)

   [amulet of guardian spirit]

   It causes incoming damage to be split between your health and magic.
   It affects your strength (-4).
   It affects your intelligence (+9).
   It protects you from fire.
 w - a +2 ring of dexterity
 y - the ring of Zesmocoxuo (right hand) {AC+6 Dex+4}
   (You found it on level 5 of the Pits of Slime)

   [ring of protection]

   It affects your AC (+6).
   It affects your dexterity (+4).
 A - the amulet "Hukuwnua" {Harm *Drain Str+6 Dex+3}
   (You found it on level 3 of the Crypt)

   [amulet of harm]

   It increases damage dealt and taken.
   It affects your strength (+6).
   It affects your dexterity (+3).
   It causes draining when unequipped.
 D - a +3 ring of intelligence
 E - the ring of the Sneaky Places {rF+ rN+ MR+}
   (You found it on level 3 of the Crypt)

   [ring of positive energy]

   It protects you from fire.
   It protects you from negative energy.
   It affects your resistance to hostile enchantments.
 J - the ring of the Present {rF+ rN+ MP+9 Str+7}
   (You found it on level 3 of the Crypt)

   [ring of positive energy]

   It affects your strength (+7).
   It protects you from fire.
   It protects you from negative energy.
   It affects your magic capacity (+9).
 P - the ring "Vocuegit" (left hand) {*Drain rPois rF++ MP+9 Int+3}
   (You bought it in a shop on level 4 of the Dungeon)

   [ring of magical power]

   It affects your intelligence (+3).
   It greatly protects you from fire.
   It protects you from poison.
   It affects your magic capacity (+9).
   It causes draining when unequipped.
 S - the ring "Zixtinew" {rCorr rElec}
   (You took it off a deep elf demonologist on level 3 of the Elven Halls)

   [ring of resist corrosion]

   It insulates you from electricity.
Wands
 k - a wand of digging (24/24)
 t - a wand of digging (11/24)
Scrolls
 e - 3 scrolls of identify
 g - 3 scrolls of blinking
 p - a scroll of recharging
 q - a scroll of holy word
 r - 10 scrolls of magic mapping
 v - 5 scrolls of fog
 B - a scroll of amnesia
 I - 18 scrolls of teleportation
 M - 21 scrolls of remove curse
 O - 4 scrolls of enchant weapon
Potions
 d - 12 potions of might
 s - a potion of brilliance
 G - 2 potions of haste
 H - 6 potions of agility
 L - 3 potions of resistance
 N - 32 potions of curing
 T - 2 potions of flight
Books
 h - a manual of Fighting
 Q - Tuojosubb's Catalogue of Sinister Secrets
   (You found it on level 3 of the Crypt)

   Spells                             Type                      Level
   a - Animate Skeleton               Necromancy                   1
   b - Corpse Rot                     Necromancy                   2
   c - Vampiric Draining              Necromancy                   3
   d - Animate Dead                   Necromancy                   4
   e - Simulacrum                     Ice/Necromancy               6
   f - Borgnjor's Revivification      Necromancy                   8
   Zin disapproves of the use of such an item.
Comestibles
 f - 35 bread rations
 i - 12 meat rations
 C - 5 fruits


   Skills:
 + Level 12.3 Fighting
 + Level 18.6 Axes
 - Level 21.5 Armour
 + Level 18.1 Dodging
 - Level 20.4 Stealth
 O Level 27 Shields
 - Level 12.0 Spellcasting
 - Level 10.0 Summonings
 - Level 9.3 Translocations
 * Level 7.6 Invocations
 - Level 4.0 Evocations


You had 43 spell levels left.
You knew the following spells:

 Your Spells              Type           Power        Failure   Level  Hunger
a - Apportation           Tloc           ####..       1%          1    None
b - Summon Butterflies    Summ           ####....     1%          1    None
c - Aura of Abjuration    Summ           ####......   7%          5    #####..


Dungeon Overview and Level Annotations

Branches:
Dungeon (15/15)            Temple (1/1) D:6            Lair (6/6) D:9
  Swamp (4/4) Lair:3        Snake (4/4) Lair:2        Slime (5/5) Lair:5
    Orc (2/2) D:10            Elf (3/3) Orc:2        Vaults (5/5) D:14
  Crypt (3/3) Vaults:3       Tomb (2/3) Crypt:3      Depths (5/5) D:15
    Zot (5/5) Depths:5

Altars:
Ashenzari
Cheibriados
Dithmenos
Elyvilon
Fedhas
Gozag
Hepliaklqana
Kikubaaqudgha
Makhleb
Nemelex Xobeh
Okawaru
Qazlal
Ru
Sif Muna
Trog
Uskayaw
Vehumet
Wu Jian
Xom
Yredelemnul
Zin
The Shining One
Beogh
Jiyva

Shops:
D:4 =?*   D:8 ?   D:12 [   D:15 (   Orc:2 [[(%*   Elf:1 %!([
Lair:1 [=[=[[([[[   Snake:2 *   Snake:3 }   Snake:4 (   Vaults:1 ?   Vaults:4 (
Zot:3 *   Depths:1 =}}   Depths:3 }   Depths:4 (

Portals:
Hell: Depths:1 Depths:2 Depths:3 Depths:4 Depths:5
Abyss: Depths:2 Depths:3 Depths:4
Pandemonium: Depths:3
Ziggurat: Depths:1

Annotations:
Lair:2 exclusion: oklob plant


Innate Abilities, Weirdness & Mutations

You have razor-sharp teeth.
You heal very quickly.
When hurt, damage is shared between your health and your magic reserves.
Your bite disrupts and absorbs the magic of your enemies.
Potions cannot restore your health.
You are immune to rotting.
You are partially covered in large bone plates. (SH +4)
You are somewhat resistant to further mutation.


Message History

The mummy priest calls on the powers of darkness!
You feel a surge of unholy energy. You block the flying skull's attack.
You hear a distant blaring wail to the east.
You block the death scarab's attack. "...and embraced purity, for they feared Zin's wrath."
The mummy is turned into a pillar of salt by the wrath of Zin!
You destroy the mummy!
Zin accepts your kill.
The ushabti is confused by your recitation.
The chaos spawn is blasted by Zin's holy word!
You kill the chaos spawn!
The chaos spawn degenerates into a cloud of primal chaos!
You finish reciting Abominations 2:46.
The death scarab stops glowing.
The death scarab misses you. You block the death scarab's attack.
The death scarab is lost in a daze.
You block the flying skull's attack.
The ushabti closely misses the emperor scorpion.
The greater mummy gestures at you while chanting.
Something smites you!
You die...

##.........## ..
##...........##.
................
.........M......
............4
#.......?M#
#....88z.§#
#...s.@z..#
#.....s.3.#
#....s888.#
#..S..SMs.#
#.........#
...MM........
...............
........M.......
##....§......##.


You could see 3 greater mummies, an emperor scorpion, 2 mummy priests, a soul
eater, 2 mana vipers, a hellwing, 3 ushabtiu, 3 death scarabs, 2 flying skulls
and a mummy.

Vanquished Creatures
  the Royal Jelly (Slime:5)
  Dissolution (Slime:2)
  11 orbs of fire
  The ghost of Malacante the Invulnerable, a legendary HOMo of Ru (Tomb:1)
  Mara (Crypt:1)
  3 ancient liches
  2 juggernauts (Depths:5)
  Boris (Crypt:3)
  Sojobo (Vaults:5)
  Frederick (Vaults:2)
  Bai Suzhen (Snake:3)
  2 curse toes
  Margery (Vaults:2)
  Saint Roka (Depths:4)
  3 Killer Klowns
  Vashnia (Snake:4)
  5 caustic shrikes
  Nikola (Swamp:2)
  9 golden dragons
  Jory (Vaults:2)
  2 bone dragons
  An iron giant (shapeshifter) (Vaults:5)
  2 electric golems
  The ghost of smeego the Destroyer, an adept GnCj of Ashenzari (Depths:1)
  17 tentacled monstrosities
  Jorgrun (Snake:4)
  9 Orb Guardians (Zot:5)
  8 liches
  A deep elf master archer (Elf:3)
  12 quicksilver dragons
  3 deep elf blademasters
  Asterion (D:15)
  17 acid blobs
  The ghost of Heathenbot the Severer, an adept HOFi of Beogh (Depths:2)
  11 sphinxes
  13 death cobs
  5 titans
  6 ancient champions
  A tentacled starspawn (Abyss:3)
  Donald (Snake:4)
  13 storm dragons
  8 shadow dragons
  4 thorn hunters
  Roxanne (Elf:1)
  7 tengu reavers
  7 draconian monks
  3 revenants
  12 azure jellies
  9 nagarajas
  9 frost giants
  6 deep elf sorcerers
  4 imperial myrmidons (Desolation)
  6 iron dragons
  2 ghost moths (Zot:4)
  Louise (Elf:1)
  24 vault wardens
  Aizul (Snake:3)
  5 draconian knights
  The ghost of handsome the Covert, an adept DsMo of Xom (Desolation)
  8 fire giants
  2 balrugs
  A draconian scorcher (Zot:2)
  6 ghouls
  4 draconian annihilators
  3 draconian shifters
  4 deep elf elementalists (Elf:3)
  18 ironheart preservers
  27 stone giants
  2 grey draconians (Depths:5)
  27 very ugly things
  6 war gargoyles
  3 entropy weavers
  11 green draconians
  9 vampire knights
  10 deep elf demonologists
  A juggernaut skeleton (Crypt:1)
  4 spriggan defenders
  A caustic shrike skeleton (Depths:2)
  12 purple draconians
  8 white draconians
  16 red draconians
  7 deep elf annihilators
  2 halazid warlocks (Desolation)
  6 dire elephants (Lair:6)
  12 spark wasps
  6 black draconians
  12 yellow draconians
  7 mummy priests
  A merfolk impaler (Depths:3)
  5 crystal guardians
  10 ettins
  14 fire dragons
  6 jiangshi
  7 death oozes
  10 deep elf death magi
  An eidolon (Crypt:2)
  7 ragged hierophants (Desolation)
  18 great orbs of eyes
  A great orb of eyes (shapeshifter) (Vaults:1)
  A minotaur (Lab)
  7 servants of whispers (Desolation)
  14 naga warriors
  8 deep elf high priests
  23 yaktaur captains
  Erolcha (D:9)
  11 hydras
  8 rakshasas
  2 spriggan air magi
  9 ice dragons
  6 peacekeepers
  37 vault guards
  2 ghost crabs
  14 centaur warriors
  4 death knights
  81 two-headed ogres
  5 dancing weapons (Crypt:3)
  8 alligators
  26 anacondas
  7 orc high priests
  9 deep troll earth magi
  11 deep troll shamans
  5 tengu warriors
  9 death scarabs (Tomb:1)
  8 vampire magi
  Urug (Orc:1)
  23 ogre magi
  2 spectral storm dragons (Crypt:1)
  6 spriggan berserkers
  A storm dragon zombie (Crypt:3)
  10 shock serpents
  20 naga sharpshooters
  Nergalle (Lair:4)
  3 sun demons
  The ghost of Snikeer the Archer, a journeyman SpVM of Sif Muna (Orc:2)
  A titan zombie (Crypt:3)
  A shock serpent (shapeshifter) (Vaults:5)
  28 deep elf knights
  17 hell knights
  2 wretched stars (Abyss:3)
  A fire crab (Volcano)
  4 iron trolls
  2 shadow wraiths
  39 skeletal warriors
  2 death drakes (shapeshifter)
  6 flayed ghosts
  2 unseen horrors (shapeshifter) (Vaults:3)
  A death drake (Swamp:4)
  A storm dragon skeleton (Crypt:3)
  3 spectral hydras (Swamp:4)
  A shadow demon (Depths:3)
  5 swamp dragons
  A sea snake (shapeshifter) (Depths:2)
  5 salamander mystics
  17 deep elf archers
  6 glowing orange brains
  15 naga ritualists
  A lindwurm (shapeshifter) (Vaults:4)
  4 unseen horrors
  23 deep trolls
  5 starcursed masses (Abyss:3)
  9 wizards
  A swamp dragon (shapeshifter) (Vaults:5)
  18 phantasmal warriors
  A shadow dragon zombie (Crypt:3)
  4 lindwurms (Snake:4)
  A shambling mangrove (Swamp:4)
  17 ironbrand convokers
  7 harpies (Vaults:3)
  A frost giant zombie (D:15)
  17 necromancers
  A mana viper (shapeshifter) (Depths:2)
  13 orc knights
  64 deep elf magi
  4 shining eyes
  The ghost of Letos the Cleaver, a novice GnWn (D:5)
  55 ugly things
  A stone giant zombie (Vaults:4)
  7 orc sorcerers
  2 spectral ice dragons (Crypt:1)
  A faun (shapeshifter) (Vaults:4)
  3 wolf spiders
  21 mana vipers
  2 iron dragon zombies
  2 manticores
  4 spectral fire dragons (Crypt:1)
  9 salamanders
  A manticore (shapeshifter) (Vaults:1)
  3 cyclopes
  2 fire giant zombies
  3 centaur zombies
  A sphinx skeleton (Depths:4)
  25 elephants
  35 moths of wrath
  A black mamba (shapeshifter) (Vaults:1)
  A moth of wrath (shapeshifter) (Depths:2)
  54 black mambas
  15 guardian serpents
  2 eyes of devastation
  Psyche (D:8)
  3 smoke demons
  2 fire giant skeletons
  A gargoyle (D:10)
  17 vault sentinels
  2 orange demons (Abyss:3)
  Joseph (Lair:1)
  22 naga magi
  11 spiny frogs
  2 molten gargoyles (Desolation)
  A dire elephant skeleton (Crypt:3)
  2 rime drakes (shapeshifter)
  6 centaur skeletons
  4 torpor snails (Lair:3)
  A yaktaur zombie (D:15)
  2 rime drakes
  An efreet (D:14)
  8 komodo dragons
  6 swamp worm zombies (Swamp:4)
  77 yaktaurs
  A catoblepas zombie (Crypt:1)
  A komodo dragon (shapeshifter) (Vaults:3)
  2 emperor scorpion zombies
  2 elf skeletons
  7 kobold demonologists
  2 tengu conjurers
  A red devil (Depths:1)
  6 freezing wraiths
  3 human skeletons
  A harpy zombie (Abyss:3)
  An ancient zyme (Abyss:3)
  A green draconian skeleton (Tomb:1)
  A red draconian skeleton (Crypt:1)
  A queen bee (D:13)
  A redback zombie (D:13)
  8 guardian mummies (Tomb:1)
  A hellwing (Depths:3)
  7 trolls
  3 hydra zombies (Swamp:4)
  A queen bee (shapeshifter) (Vaults:5)
  3 meliai (D:13)
  2 trolls (shapeshifter)
  7 tyrant leeches
  3 polar bears
  A death drake zombie (Crypt:1)
  A harpy skeleton (Crypt:2)
  A tengu simulacrum (Vaults:1)
  15 hornets
  A raiju (shapeshifter) (Depths:3)
  2 hydra skeletons
  2 ice dragon zombies
  57 saltlings
  3 raiju (Abyss:3)
  A hornet (shapeshifter) (Vaults:3)
  A frost giant simulacrum (Vaults:1)
  8 bog bodies
  A fire dragon zombie (Crypt:1)
  A slime creature (shapeshifter) (Depths:2)
  126 slime creatures
  2 alligator zombies (Swamp:4)
  2 hippogriffs (shapeshifter)
  An ettin zombie (Crypt:3)
  2 spectral swamp dragons (Swamp:4)
  18 blink frogs
  4 hippogriffs
  A fire giant simulacrum (Vaults:3)
  A redback (Vaults:1)
  A human simulacrum (Vaults:4)
  7 spriggans
  39 flying skulls
  8 shadows
  A vampire (D:12)
  55 yaks
  2 ettin skeletons
  3 wraiths
  A ynoxinul (Depths:3)
  5 air elementals
  2 tarantellas (shapeshifter) (Depths:2)
  A black mamba zombie (Crypt:3)
  A human (shapeshifter) (Depths:1)
  5 wyverns
  4 water elementals
  2 elf zombies
  4 ushabtiu (Tomb:1)
  A hog (shapeshifter) (D:15)
  6 large abominations (Abyss:3)
  The ghost of zag the Sneak, an amateur NaWz (D:3)
  A basilisk (Lair:6)
  A yak (shapeshifter) (Depths:4)
  A small abomination (Abyss:3)
  10 fire elementals
  4 hungry ghosts
  4 fire bats (Volcano)
  11 golden eyes
  2 neqoxecs (Depths:3)
  Edmund (D:5)
  8 vampire mosquitoes
  An acid dragon (Vaults:1)
  9 insubstantial wisps
  23 swamp worms
  19 wargs
  11 water moccasins
  A deep troll zombie (Vaults:1)
  46 nagas
  A soldier ant (shapeshifter) (Vaults:4)
  2 hell hounds (Volcano)
  A glowing shapeshifter zombie (Crypt:2)
  2 floating eyes (shapeshifter)
  11 porcupines
  A swamp drake (shapeshifter) (Depths:3)
  A floating eye (Depths:3)
  A snapping turtle zombie (Crypt:1)
  9 phantoms
  10 swamp drakes
  3 black bears (D:9)
  9 sky beasts
  31 orc warriors
  7 eyes of draining
  An ice dragon simulacrum (Crypt:1)
  3 human zombies (Vaults:1)
  4 swamp dragon zombies (Swamp:4)
  An ettin simulacrum (Vaults:3)
  10 ice beasts
  5 necrophages
  7 boggarts
  55 ogres
  15 wolves
  19 centaurs
  6 big kobolds
  19 crocodiles
  A komodo dragon zombie (Crypt:2)
  20 bullfrogs
  3 earth elementals
  A water moccasin zombie (D:5)
  5 scorpions
  A troll zombie (Crypt:1)
  A spriggan zombie (Tomb:1)
  18 killer bees
  An orc simulacrum (Vaults:1)
  3 wights (D:13)
  8 crimson imps
  2 quasits (Abyss:3)
  2 bullfrog zombies
  3 bullfrog skeletons
  A jelly (D:9)
  43 orc priests
  6 hounds
  6 iguanas
  Ijyb (D:4)
  9 worker ants
  22 orc wizards
  2 spectral swamp drakes (Swamp:4)
  A hound zombie (D:5)
  15 mummies
  2 worker ant zombies
  11 gnolls
  9 adders
  A swamp drake zombie (Swamp:4)
  A gnoll (shapeshifter) (Vaults:5)
  4 shadow imps
  14 white imps
  2 worms
  A barachi skeleton (Crypt:1)
  A dart slug (D:3)
  11 leopard geckos
  135 orcs
  A ball python (D:2)
  8 giant cockroaches
  12 goblins
  6 hobgoblins
  19 jackals
  13 kobolds
  5 quokkas
  5 bats
  2 dart slug zombies
  4 frilled lizards
  A gnoll skeleton (Crypt:1)
  A jackal zombie (D:6)
  A kobold zombie (Crypt:2)
  A leopard gecko zombie (D:7)
  A quokka skeleton (D:7)
  6 rats
  4 briar patches
  3 fungi
  A lurking horror (Abyss:3)
  6 plants
3076 creatures vanquished.

Vanquished Creatures (collateral kills)
  An ancient lich (Zot:5)
  2 Killer Klowns (Zot:5)
  2 electric golems (Zot:5)
  10 Orb Guardians (Zot:5)
  A death cob (Zot:5)
  A storm dragon (Zot:5)
  A draconian scorcher (Zot:5)
  2 draconian shifters (Zot:5)
  2 draconian annihilators (Zot:5)
  2 black draconians (Zot:5)
  A yellow draconian (Zot:5)
  A purple draconian (Zot:5)
  An alligator (Swamp:2)
27 creatures vanquished.

Vanquished Creatures (others)
  An ancient lich (Zot:5)
  A Killer Klown (Zot:5)
  6 Orb Guardians (Zot:5)
  A tentacled monstrosity (Zot:5)
  A deep elf master archer (Elf:3)
  A draconian knight (Zot:3)
  A draconian monk (Zot:5)
  A very ugly thing (Depths:5)
  A stone giant (Vaults:3)
  A black draconian (Zot:5)
  A vampire knight (Depths:3)
  A red draconian (Zot:5)
  2 yaktaur captains
  A vault guard (Vaults:5)
  2 centaur warriors
  23 dancing weapons
  8 death scarabs
  A hell hog (Volcano)
  4 naga sharpshooters (Snake:4)
  A deep elf knight (Vaults:4)
  A deep elf archer (Elf:3)
  A deep elf mage (Elf:2)
  2 moths of wrath (Zot:5)
  A cyclops (D:12)
  A vault sentinel (Vaults:3)
  A black mamba (Snake:4)
  13 yaktaurs
  A flying skull (Crypt:1)
  An air elemental (Depths:4)
  4 insubstantial wisps (Swamp:4)
  An ogre (Vaults:4)
  A swamp drake (Swamp:2)
  7 centaurs
  A boggart (Vaults:1)
  An orc priest (Vaults:2)
  An orc (Vaults:1)
  A kobold (D:13)
  3 briar patches
  11 fungi
  10 plants
  7 toadstools (Swamp:3)
  3 withered plants (D:15)
132 creatures vanquished.

Grand Total: 3235 creatures vanquished

Notes
Turn   | Place    | Note
-------+----------+-------------------------------------------
     0 | D:1      | Deaus the Vine Stalker Fighter began the quest for the Orb.
     0 | D:1      | Reached XP level 1. HP: 11/11 MP: 2/2
   135 | D:1      | Reached XP level 2. HP: 16/16 MP: 3/3
   361 | D:1      | Reached XP level 3. HP: 19/19 MP: 4/4
   666 | D:1      | Reached skill level 1 in Stealth
  1303 | D:2      | Gained mutation: Your natural rate of healing is unusually fast. [Vine Stalker growth]
  1303 | D:2      | Reached XP level 4. HP: 23/23 MP: 5/5
  1496 | D:2      | Reached skill level 3 in Shields
  1551 | D:2      | Found a faded altar of an unknown god.
  2081 | D:3      | Noticed zag's ghost (amateur NaWz)
  2091 | D:3      | Killed zag's ghost
  2091 | D:3      | Reached XP level 5. HP: 22/28 MP: 6/6
  2091 | D:3      | Reached XP level 6. HP: 26/32 MP: 7/7
  2748 | D:4      | Noticed Ijyb
  2791 | D:4      | Killed Ijyb
  3195 | D:4      | Found Unolasin's General Store.
  3202 | D:4      | Bought a scroll of identify for 20 gold pieces
  3202 | D:4      | Bought a scroll of magic mapping for 35 gold pieces
  3355 | D:4      | Found Olef's Magic Scroll Shoppe.
  3363 | D:4      | Bought a scroll of enchant weapon for 90 gold pieces
  3458 | D:4      | Found Jerank's Jewellery Shop.
  3879 | D:5      | Entered Level 5 of the Dungeon
  3879 | D:5      | Noticed a sky beast
  3899 | D:5      | Reached XP level 7. HP: 12/36 MP: 4/8
  3901 | D:5      | Reached skill level 4 in Shields
  4079 | D:5      | Noticed Letos's ghost (novice GnWn)
  4241 | D:5      | Killed Letos's ghost
  4241 | D:5      | Reached skill level 5 in Axes
  4241 | D:5      | Gained mutation: You have razor-sharp teeth. [Vine Stalker growth]
  4241 | D:5      | Reached XP level 8. HP: 32/40 MP: 6/9
  4265 | D:5      | Reached skill level 5 in Shields
  4267 | D:5      | Noticed Edmund
  4284 | D:5      | Killed Edmund
  4749 | D:6      | Reached XP level 9. HP: 31/44 MP: 6/10
  4763 | D:6      | Found a staircase to the Ecumenical Temple.
  4776 | Temple   | Entered the Ecumenical Temple
  4788 | Temple   | Became a worshipper of Gozag Ym Sagoz the Greedy
  5251 | D:6      | Reached skill level 6 in Shields
  5339 | D:6      | Reached skill level 5 in Armour
  5792 | D:7      | Found a hazy altar of Hepliaklqana.
  6131 | D:7      | Found a blossoming altar of Fedhas.
  6131 | D:7      | Found a stormy altar of Qazlal.
  6136 | D:7      | Found a snail-covered altar of Cheibriados.
  6138 | D:7      | Found a hide-covered altar of Uskayaw.
  6139 | D:7      | Found a burning altar of Makhleb.
  6270 | D:7      | Reached skill level 5 in Stealth
  6590 | D:8      | Noticed a two-headed ogre
  6928 | D:8      | Found Olufesch's Magic Scroll Shop.
  7046 | D:8      | Reached XP level 10. HP: 49/49 MP: 11/11
  7170 | D:8      | Killed a two-headed ogre
  7170 | D:8      | Reached skill level 7 in Shields
  7170 | D:8      | Reached skill level 1 in Evocations
  7285 | D:8      | Noticed a two-headed ogre
  7291 | D:8      | Killed a two-headed ogre
  7358 | D:8      | Found a glowing golden altar of the Shining One.
  7561 | D:4      | Bought the ring "Vocuegit" {*Drain rPois rF++ MP+9 Int+3} for 691 gold pieces
  7664 | D:9      | Noticed Psyche
  7676 | D:8      | Killed Psyche
  7774 | D:9      | Found a staircase to the Lair.
  7782 | D:9      | Found a shadowy altar of Dithmenos.
  7929 | D:9      | Reached XP level 11. HP: 54/54 MP: 13/13
  7997 | D:9      | Reached skill level 10 in Axes
  8329 | D:9      | Found a snail-covered altar of Cheibriados.
  8356 | D:9      | Reached skill level 8 in Shields
  8462 | D:9      | Found a shimmering altar of Xom.
  8725 | D:9      | Noticed Erolcha
  8743 | D:9      | Killed Erolcha
  8843 | D:10     | Entered Level 10 of the Dungeon
  8879 | D:10     | Reached skill level 5 in Fighting
  8895 | D:10     | Found a staircase to the Orcish Mines.
  9945 | D:11     | Noticed a two-headed ogre
  9948 | D:11     | Noticed a two-headed ogre
  9954 | D:11     | Killed a two-headed ogre
  9963 | D:11     | Killed a two-headed ogre
  9963 | D:11     | Reached skill level 9 in Shields
  9963 | D:11     | Gained mutation: You heal very quickly. [Vine Stalker growth]
  9963 | D:11     | Reached XP level 12. HP: 28/60 MP: 11/16
 10108 | D:11     | Noticed a two-headed ogre
 10116 | D:11     | Killed a two-headed ogre
 10116 | D:11     | Reached skill level 1 in Spellcasting
 10136 | D:11     | Noticed a two-headed ogre
 10142 | D:11     | Killed a two-headed ogre
 10792 | D:12     | Found a shadowy altar of Dithmenos.
 10995 | D:12     | Noticed a sun demon
 11009 | D:12     | Noticed a soul eater
 11231 | D:12     | Found Cist's Antique Armour Shop.
 11234 | D:12     | Bought an encrusted scale mail for 216 gold pieces
 11234 | D:12     | Identified the cursed +1 scale mail of the Good {SInv} (You bought it in a shop on level 12 of the Dungeon)
 11235 | D:12     | Bought a distressingly furry ring mail for 216 gold pieces
 11245 | D:12     | Identified the +3 ring mail "Lol Vaze" {*Corrode Str+2 Int+5 Dex+8} (You bought it in a shop on level 12 of the Dungeon)
 11486 | D:9      | Noticed a two-headed ogre
 11494 | D:9      | Killed a two-headed ogre
 11540 | Lair:1   | Entered Level 1 of the Lair of Beasts
 11543 | Lair:1   | Noticed Joseph
 11551 | Lair:1   | Killed Joseph
 12309 | Lair:1   | Reached XP level 13. HP: 65/65 MP: 20/20
 12694 | Lair:2   | Found a staircase to the Snake Pit.
 13567 | Lair:3   | Found a frozen archway.
 13613 | IceCv    | Entered an ice cave
 13627 | IceCv    | Reached skill level 5 in Spellcasting
 13801 | Lair:3   | Found a staircase to the Swamp.
 14030 | Lair:3   | Found a snail-covered altar of Cheibriados.
 14741 | Lair:4   | Found a labyrinth entrance.
 14750 | Lab      | Entered a labyrinth
 15124 | Lab      | Noticed a minotaur
 15395 | Lab      | Killed a minotaur
 15881 | Lair:4   | Noticed Nergalle
 15900 | Lair:4   | Killed Nergalle
 16121 | Lair:4   | Reached XP level 14. HP: 71/72 MP: 24/24
 16224 | Lair:5   | Found a staircase to the Slime Pits.
 16224 | Lair:5   | Found a viscous altar of Jiyva.
 16289 | Lair:5   | Found a dark tunnel.
 16298 | Volcano  | Entered a volcano
 16594 | Lair:5   | Reached skill level 10 in Armour
 17619 | Lair:6   | Entered Level 6 of the Lair of Beasts
 17715 | Lair:6   | Reached skill level 1 in Dodging
 18438 | Lair:6   | Noticed a dire elephant
 18456 | Lair:6   | Noticed a dire elephant
 18467 | Lair:6   | Noticed a dire elephant
 18571 | Lair:6   | Killed a dire elephant
 18630 | Lair:6   | Killed a dire elephant
 18659 | Lair:6   | Killed a dire elephant
 18745 | Lair:6   | Noticed a dire elephant
 18745 | Lair:6   | Noticed a dire elephant
 18838 | Lair:6   | Killed a dire elephant
 18840 | Lair:6   | Killed a dire elephant
 18853 | Lair:6   | Noticed a dire elephant
 18967 | Lair:6   | Killed a dire elephant
 19260 | Lair:1   | Identified a scroll of acquirement
 19261 | Lair:1   | Got a pair of brightly glowing boots
 19272 | Lair:1   | Identified the +0 pair of boots of Xiutt {rF- rN+++ Str+2 Dex+2} (You acquired it on level 1 of the Lair of Beasts)
 19427 | Swamp:1  | Entered Level 1 of the Swamp
 19435 | Swamp:1  | Reached XP level 15. HP: 67/77 MP: 26/26
 19648 | Swamp:1  | Reached skill level 15 in Axes
 19682 | Swamp:1  | Got a fine plate armour
 19693 | Swamp:1  | Identified the +10 plate armour of Fedhas's Reproof {Str-3 Dex+8 SInv} (You found it on level 1 of the Swamp)
 20600 | Swamp:2  | Noticed Nikola
 20602 | Swamp:2  | HP: 2/78 [Nikola/chain lightning (20)]
 20648 | Swamp:2  | Killed Nikola
 21199 | Swamp:3  | Noticed a thorn hunter
 21212 | Swamp:3  | Killed a thorn hunter
 21487 | Swamp:3  | Noticed a thorn hunter
 21515 | Swamp:3  | Killed a thorn hunter
 21699 | Swamp:4  | Entered Level 4 of the Swamp
 21699 | Swamp:4  | Noticed a thorn hunter
 21715 | Swamp:4  | Killed a thorn hunter
 22144 | Swamp:4  | Noticed a thorn hunter
 22169 | Swamp:4  | Reached XP level 16. HP: 84/84 MP: 27/27
 22192 | Swamp:4  | Reached skill level 5 in Dodging
 22226 | Swamp:4  | Killed a thorn hunter
 22543 | Swamp:4  | Noticed a bone dragon
 22606 | Swamp:4  | Killed a bone dragon
 22648 | Swamp:4  | Got a decaying rune of Zot
 22947 | Lair:1   | Bought a pair of brightly glowing gloves for 285 gold pieces
 22958 | Lair:1   | Identified the +1 pair of gloves of Ifug {rElec Int+4 Slay+2} (You bought it in a shop on level 1 of the Lair of Beasts)
 22967 | Lair:1   | Bought an uncursed ring of resist corrosion for 400 gold pieces
 23386 | D:13     | Reached skill level 10 in Fighting
 24448 | D:14     | Got a transparent scale mail
 24560 | D:14     | Found a gate to the Vaults.
 25540 | D:15     | Entered Level 15 of the Dungeon
 25596 | D:15     | Reached XP level 17. HP: 90/90 MP: 28/28
 25660 | D:15     | Found a glowing golden altar of the Shining One.
 25707 | D:15     | Found Vyesh's Weapon Shop.
 25763 | D:15     | Noticed a sphinx
 25771 | D:15     | Killed a sphinx
 26040 | D:15     | Found a staircase to the Depths.
 26426 | Depths:1 | Entered Level 1 of the Depths
 26445 | Depths:1 | Noticed Asterion
 26449 | Depths:1 | Noticed smeego's ghost (adept GnCj)
 26510 | D:15     | Killed Asterion
 26548 | Depths:1 | Killed smeego's ghost
 26915 | Depths:1 | Reached XP level 18. HP: 66/97 MP: 29/29
 27127 | Depths:1 | Found a portal to a secret trove of treasure.
 27320 | D:4      | Bought a +6 ring of evasion for 1092 gold pieces
 27501 | Depths:1 | You paid a toll of a +6 ring of evasion to enter a treasure trove
 27502 | Trove    | Entered a treasure trove
 27514 | Trove    | Got a shimmering broad axe
 27516 | Trove    | Got a translucent executioner's axe
 27518 | Trove    | Got a crystal hand axe
 27528 | Trove    | Got an iridescent broad axe
 27540 | Trove    | Identified the +6 broad axe of Traps {holy, rElec rC+ Dex+3} (You found it in a treasure trove)
 27541 | Trove    | Identified the +3 broad axe of Diet Blood {holy, rElec Int+4} (You found it in a treasure trove)
 27542 | Trove    | Identified the +0 executioner's axe "Tuysiror" {drain, rN+} (You found it in a treasure trove)
 27546 | Trove    | Identified the cursed +1 hand axe "Xopo" {speed, +Blink rF+ Dex-3 Stlth+} (You found it in a treasure trove)
 27739 | Depths:1 | Upgraded the game from 0.20-a0-1109-ge3cd172 to 0.20-a0-1114-g33edf32
 27785 | Depths:1 | Found a gateway to a ziggurat.
 27864 | Depths:1 | Found Plog's Jewellery Emporium.
 27864 | Depths:1 | Found Joipic Faure's Gadget Boutique.
 27865 | Depths:1 | Found Neinn's Gadget Boutique.
 27915 | Depths:1 | Found a gateway to Hell.
 28050 | Depths:1 | Identified the cursed +0 scale mail "Ammat" {rF+ rC+ Slay+2} (You found it on level 14 of the Dungeon)
 28251 | Lair:1   | Bought the +3 pair of gauntlets of War {Slay+5} for 1425 gold pieces
 28349 | Snake:1  | Entered Level 1 of the Snake Pit
 29232 | Snake:2  | Found Tud Narif's Assorted Antiques.
 29268 | Snake:2  | Bought a scroll of enchant armour for 232 gold pieces
 29268 | Snake:2  | Bought a scroll of enchant armour for 232 gold pieces
 29411 | Snake:2  | Reached skill level 10 in Shields
 29830 | Snake:3  | Found Estiym's Gadget Boutique.
 30100 | Snake:3  | Reached XP level 19. HP: 76/102 MP: 30/30
 30121 | Snake:3  | Reached skill level 11 in Shields
 30147 | Snake:3  | Noticed Aizul
 30163 | Snake:3  | Killed Aizul
 30355 | Snake:3  | Noticed Bai Suzhen
 30377 | Snake:3  | Killed Bai Suzhen
 30814 | Snake:4  | Entered Level 4 of the Snake Pit
 30819 | Snake:4  | Reached skill level 12 in Shields
 31047 | Snake:4  | Found Wikaerir's Antique Weapon Boutique.
 31127 | Snake:4  | Noticed Jorgrun
 31147 | Snake:4  | Killed Jorgrun
 31280 | Snake:4  | Noticed Donald
 31296 | Snake:4  | Killed Donald
 31451 | Snake:4  | Reached skill level 13 in Shields
 31459 | Snake:4  | Noticed Vashnia
 31490 | Snake:4  | Killed Vashnia
 31710 | Snake:4  | Reached XP level 20. HP: 106/107 MP: 31/31
 31870 | Snake:4  | Reached skill level 14 in Shields
 32136 | Snake:4  | Got a serpentine rune of Zot
 32457 | Orc:1    | Entered Level 1 of the Orcish Mines
 32465 | Orc:1    | Noticed Urug
 32472 | Orc:1    | Killed Urug
 32794 | Orc:1    | Reached skill level 15 in Shields
 32958 | Orc:1    | Paralysed by an orc sorcerer for 7 turns
 33161 | Orc:2    | Entered Level 2 of the Orcish Mines
 33175 | Orc:2    | Found a staircase to the Elven Halls.
 33277 | Orc:2    | Found a roughly hewn altar of Beogh.
 33356 | Orc:2    | Noticed Snikeer's ghost (journeyman SpVM)
 33363 | Orc:2    | Killed Snikeer's ghost
 33411 | Orc:2    | Found Yggouxig's Antique Armour Shoppe.
 33417 | Orc:2    | Found a bloodstained altar of Trog.
 33491 | Orc:2    | Found a burning altar of Makhleb.
 33648 | Orc:2    | Found Ytoirasm's General Store.
 33670 | Orc:2    | Found Jifo's Food Shop.
 33694 | Orc:2    | Bought a bread ration for 65 gold pieces
 33694 | Orc:2    | Bought a bread ration for 65 gold pieces
 33694 | Orc:2    | Bought a meat ration for 65 gold pieces
 33694 | Orc:2    | Bought a bread ration for 65 gold pieces
 33694 | Orc:2    | Bought a meat ration for 65 gold pieces
 33694 | Orc:2    | Bought a meat ration for 65 gold pieces
 33694 | Orc:2    | Bought a royal jelly for 26 gold pieces
 33694 | Orc:2    | Bought a royal jelly for 26 gold pieces
 33694 | Orc:2    | Bought a royal jelly for 26 gold pieces
 33694 | Orc:2    | Bought a royal jelly for 26 gold pieces
 33694 | Orc:2    | Bought a bread ration for 65 gold pieces
 33694 | Orc:2    | Bought a bread ration for 65 gold pieces
 33860 | Orc:2    | Found Kuodyzae's Weapon Shoppe.
 33890 | Orc:2    | Found Biskic's Antique Armour Shop.
 33908 | Orc:2    | Bought an ancient ring mail for 162 gold pieces
 33908 | Orc:2    | Bought a fine large shield for 171 gold pieces
 33909 | Orc:2    | Identified the +0 large shield of Sedwidun {+Inv rN+ Stlth+} (You bought it in a shop on level 2 of the Orcish Mines)
 33911 | Orc:2    | Identified the +2 ring mail "Xeoleit" {rF+ rC+} (You bought it in a shop on level 2 of the Orcish Mines)
 34005 | Elf:1    | Entered Level 1 of the Elven Halls
 34067 | Elf:1    | Reached skill level 15 in Armour
 34162 | Elf:1    | Found Laep Ena's Antique Armour Emporium.
 34171 | Elf:1    | Bought a shiny helmet for 210 gold pieces
 34171 | Elf:1    | Bought a pair of distressingly furry boots for 266 gold pieces
 34202 | Elf:1    | Identified the cursed +0 pair of boots of Serendipity {-Tele Str-2 Dex+8} (You bought it in a shop on level 1 of the Elven Halls)
 34208 | Elf:1    | Noticed Roxanne
 34223 | Elf:1    | Killed Roxanne
 34331 | Elf:1    | Found Afreidyura's Antique Weapon Shoppe.
 34359 | Elf:1    | Found Atuuv's Food Emporium.
 34388 | Elf:1    | Bought a royal jelly for 24 gold pieces
 34388 | Elf:1    | Bought a bread ration for 60 gold pieces
 34388 | Elf:1    | Bought 4 fruits for 72 gold pieces
 34388 | Elf:1    | Bought a royal jelly for 24 gold pieces
 34388 | Elf:1    | Bought a meat ration for 60 gold pieces
 34388 | Elf:1    | Bought a meat ration for 60 gold pieces
 34388 | Elf:1    | Bought a bread ration for 60 gold pieces
 34388 | Elf:1    | Bought a meat ration for 60 gold pieces
 34388 | Elf:1    | Bought a meat ration for 60 gold pieces
 34407 | Elf:1    | Noticed Louise
 34421 | Elf:1    | Killed Louise
 34430 | Elf:1    | Found Ceoqus's Distillery.
 34435 | Elf:1    | Bought a potion of curing for 54 gold pieces
 34435 | Elf:1    | Bought a potion of might for 72 gold pieces
 34435 | Elf:1    | Bought a potion of curing for 54 gold pieces
 34435 | Elf:1    | Bought a potion of curing for 54 gold pieces
 35060 | Elf:2    | Reached XP level 21. HP: 111/111 MP: 32/32
 35233 | Elf:2    | Found a runed gate.
 35342 | Elf:2    | Found a runed gate.
 35342 | Elf:2    | Found a runed gate.
 35811 | Elf:3    | Entered Level 3 of the Elven Halls
 36572 | Elf:3    | Got a faintly glowing brass ring
 36579 | Elf:3    | Cast into level 3 of the Abyss (a deep elf demonologist)
 36600 | Abyss:3  | Found a corrupted altar of Lugonu.
 37031 | Elf:3    | Escaped the Abyss
 37632 | Elf:3    | Identified the ring "Zixtinew" {rCorr rElec} (You took it off a deep elf demonologist on level 3 of the Elven Halls)
 37654 | Elf:3    | Reached XP level 22. HP: 112/115 MP: 33/33
 37819 | Elf:3    | Got a dazzling battleaxe {freeze}
 37996 | Elf:3    | Got a warped ring mail
 37997 | Elf:3    | Identified the +1 ring mail of Kikubaaqudgha's Anger {*Drain +Inv Dex+2 Stlth+} (You found it on level 3 of the Elven Halls)
 37998 | Elf:3    | Identified the +8 battleaxe of Sequestration {freeze, rN+} (You took it off a deep elf demonologist on level 3 of the Elven Halls)
 38313 | Lair:1   | Bought a faintly humming plate armour for 840 gold pieces
 38313 | Lair:1   | Bought a smoking plate armour for 840 gold pieces
 38314 | Lair:1   | Identified the +8 plate armour "Doaxysch" {rCorr} (You bought it in a shop on level 1 of the Lair of Beasts)
 38315 | Lair:1   | Identified the cursed +1 plate armour of the Pits of Slime {rF+ Str+4} (You bought it in a shop on level 1 of the Lair of Beasts)
 38567 | Lair:1   | Bought a cursed -2 ring of intelligence for 28 gold pieces
 38567 | Lair:1   | Bought an uncursed ring of protection from cold for 350 gold pieces
 38687 | Slime:1  | Entered Level 1 of the Pits of Slime
 38723 | Slime:2  | Gained mutation: You tend to lose your temper in combat. [a shining eye]
 38905 | Slime:3  | Noticed Dissolution
 38911 | Slime:3  | Paralysed by a floating eye for 3 turns
 38923 | Slime:2  | Reached skill level 16 in Shields
 39111 | Slime:2  | Killed Dissolution
 39111 | Slime:2  | Reached skill level 10 in Dodging
 39355 | Slime:5  | Entered Level 5 of the Pits of Slime
 39592 | Slime:5  | Gained mutation: Your body sometimes deteriorates upon taking damage. [a shining eye]
 39596 | Slime:5  | Gained mutation: You are occasionally teleported next to monsters. [a shining eye]
 39697 | Slime:5  | Gained mutation: You are frail. (-10% HP) [a shining eye]
 39776 | Slime:5  | Found a viscous altar of Jiyva.
 39777 | Slime:5  | Noticed the Royal Jelly
 39791 | Slime:5  | Killed the Royal Jelly
 39853 | Slime:5  | Reached skill level 17 in Shields
 39869 | Slime:5  | Reached XP level 23. HP: 90/107 MP: 34/34
 39950 | Slime:5  | Got a scintillating iron ring
 39952 | Slime:5  | Got a slimy rune of Zot
 39977 | Slime:5  | Got a transparent whip
 39984 | Slime:5  | Got a translucent battleaxe
 40008 | Slime:5  | Got a serpentine turquoise ring
 40556 | Lair:1   | Identified the +5 battleaxe "Jafimaloo" {venom, rElec Int+4 Dex+2} (You found it on level 5 of the Pits of Slime)
 40557 | Lair:1   | Identified the +10 whip of a wizard's laboratory {slash, rElec Str-4 Int+2 SInv} (You found it on level 5 of the Pits of Slime)
 40665 | Lair:1   | Identified the ring of Zesmocoxuo {AC+6 Dex+4} (You found it on level 5 of the Pits of Slime)
 40666 | Lair:1   | Identified the ring "Meadoest" {MP+9 Dex+2} (You found it on level 5 of the Pits of Slime)
 40693 | Lair:1   | Lost mutation: You tend to lose your temper in combat. [potion of mutation]
 40693 | Lair:1   | Lost mutation: Your body sometimes deteriorates upon taking damage. [potion of mutation]
 40693 | Lair:1   | Lost mutation: You are frail. (-10% HP) [potion of mutation]
 40693 | Lair:1   | Gained mutation: Scrolls take you a little longer to read. [potion of mutation]
 40693 | Lair:1   | Gained mutation: Your spells are a little harder to cast, but a little more powerful. [potion of mutation]
 40693 | Lair:1   | Gained mutation: You are agile. (Dex +2) [potion of mutation]
 40693 | Lair:1   | Gained mutation: You possess an exceptional clarity of mind. [potion of mutation]
 40694 | Lair:1   | Lost mutation: Scrolls take you a little longer to read. [potion of mutation]
 40694 | Lair:1   | Lost mutation: You possess an exceptional clarity of mind. [potion of mutation]
 40694 | Lair:1   | Lost mutation: Your spells are a little harder to cast, but a little more powerful. [potion of mutation]
 40694 | Lair:1   | Lost mutation: You are agile. (Dex +2) [potion of mutation]
 40694 | Lair:1   | Gained mutation: You are dopey. (Int -2) [potion of mutation]
 40694 | Lair:1   | Lost mutation: You are dopey. (Int -2) [potion of mutation]
 40694 | Lair:1   | Gained mutation: You are agile. (Dex +2) [potion of mutation]
 40695 | Lair:1   | Lost mutation: You are agile. (Dex +2) [potion of mutation]
 40695 | Lair:1   | Lost mutation: You are occasionally teleported next to monsters. [potion of mutation]
 40695 | Lair:1   | Gained mutation: You are somewhat resistant to further mutation. [potion of mutation]
 40695 | Lair:1   | Gained mutation: You are resistant to electric shocks. (rElec) [potion of mutation]
 40927 | Depths:2 | Noticed Heathenbot's ghost (adept HOFi)
 40941 | Depths:2 | Killed Heathenbot's ghost
 41007 | Depths:2 | Found a one-way gate to the infinite horrors of the Abyss.
 41158 | Depths:2 | Got a transparent flail
 41590 | Depths:2 | Noticed an ancient lich
 41599 | Depths:2 | Killed an ancient lich
 41599 | Depths:2 | Reached skill level 18 in Shields
 42279 | Depths:3 | Reached XP level 24. HP: 124/124 MP: 34/34
 42340 | Depths:3 | Found Sosyston's Quality Used Wands.
 42511 | Depths:3 | Reached skill level 19 in Shields
 42638 | Depths:3 | Found a one-way gate leading to the halls of Pandemonium.
 42639 | Depths:3 | Gained mutation: Your magical capacity is low. (-10% MP) [a neqoxec]
 43149 | Depths:4 | Noticed Saint Roka
 43173 | Depths:4 | Killed Saint Roka
 43293 | Depths:4 | Found Waffoepa's Weapon Emporium.
 43376 | Depths:4 | Noticed a caustic shrike
 43377 | Depths:4 | Noticed a caustic shrike
 43378 | Depths:4 | Noticed a caustic shrike
 43385 | Depths:4 | Noticed a caustic shrike
 43388 | Depths:4 | Killed a caustic shrike
 43397 | Depths:4 | Killed a caustic shrike
 43406 | Depths:4 | Killed a caustic shrike
 43428 | Depths:4 | Killed a caustic shrike
 43541 | Depths:4 | Reached skill level 20 in Shields
 44115 | Depths:3 | Reached XP level 25. HP: 128/128 MP: 31/31
 44303 | Depths:3 | Got a pitted broad axe
 44328 | Depths:3 | Got a brightly glowing silver ring
 44663 | Lair:1   | Identified the cursed ring "Geuqomp" {Int+3 Dex-3} (You took it off a yaktaur on level 3 of the Depths)
 44664 | Lair:1   | Identified the +5 broad axe of Lies {chop, rF+ MR+} (You found it on level 3 of the Depths)
 44665 | Lair:1   | Identified the +8 flail of the Spider Nest {pain, *Contam rC++ rN+ Dex+3} (You found it on level 2 of the Depths)
 45155 | Depths:5 | Entered Level 5 of the Depths
 45232 | Depths:5 | Identified the Papyrus of Augmentations and Black Rites
 45323 | Depths:5 | Reached skill level 21 in Shields
 45351 | Depths:5 | Got a faintly humming buckler
 45352 | Depths:5 | Identified the +2 buckler "Urhoppia" {rCorr Str+3} (You found it on level 5 of the Depths)
 45371 | Depths:5 | Noticed a juggernaut
 45383 | Depths:5 | Killed a juggernaut
 45401 | Depths:5 | Noticed a juggernaut
 45422 | Depths:5 | Killed a juggernaut
 45934 | Depths:5 | Found a gate to the Realm of Zot.
 45938 | Depths:5 | Got a warped cloak
 45939 | Depths:5 | Identified the +1 cloak "Ustryeh" {rN+ SInv} (You found it on level 5 of the Depths)
 46272 | Zot:1    | Entered Level 1 of the Realm of Zot
 46346 | Zot:1    | Reached XP level 26. HP: 129/133 MP: 31/31
 46372 | Zot:1    | Noticed an orb of fire
 46399 | Zot:1    | Killed an orb of fire
 46399 | Zot:1    | Reached skill level 22 in Shields
 47427 | Zot:2    | Reached skill level 23 in Shields
 47461 | Zot:2    | Noticed an orb of fire
 47486 | Zot:2    | Killed an orb of fire
 47559 | Zot:2    | Noticed an orb of fire
 47704 | Zot:2    | Killed an orb of fire
 47704 | Zot:2    | Reached XP level 27. HP: 105/137 MP: 31/31
 47827 | Zot:2    | Got a twitching marble ring
 48177 | Zot:3    | Found Plog's Changing Room.
 48673 | Zot:3    | Reached skill level 24 in Shields
 49796 | Zot:5    | Entered Level 5 of the Realm of Zot
 49873 | Zot:5    | Noticed an ancient lich
 50021 | Zot:5    | Killed an ancient lich
 50129 | Zot:5    | Noticed an ancient lich
 50135 | Zot:5    | Killed an ancient lich
 50179 | Zot:5    | Noticed an orb of fire
 50184 | Zot:5    | Noticed an orb of fire
 50185 | Zot:5    | Noticed an orb of fire
 50187 | Zot:5    | Noticed an orb of fire
 50188 | Zot:5    | Noticed an ancient lich
 50211 | Zot:5    | Killed an ancient lich
 50220 | Zot:5    | Killed an orb of fire
 50228 | Zot:5    | Killed an orb of fire
 50244 | Zot:5    | Killed an orb of fire
 50307 | Zot:5    | Reached skill level 10 in Stealth
 50467 | Zot:5    | Noticed an orb of fire
 50475 | Zot:5    | Noticed an orb of fire
 50479 | Zot:5    | Killed an orb of fire
 50495 | Zot:5    | Killed an orb of fire
 50507 | Zot:5    | Noticed an orb of fire
 50526 | Zot:5    | Killed an orb of fire
 50530 | Zot:5    | Noticed an orb of fire
 50546 | Zot:5    | Killed an orb of fire
 50546 | Zot:5    | Reached skill level 15 in Stealth
 50557 | Zot:5    | Noticed an orb of fire
 50578 | Zot:5    | Killed an orb of fire
 51465 | Depths:4 | Got a pitted flail {venom}
 51696 | Lair:1   | Identified the ring "Odux" {rElec rF+ Str+5 SInv} (You took it off a draconian annihilator on level 2 of the Realm of Zot)
 51901 | Vaults:1 | Entered Level 1 of the Vaults
 51903 | Vaults:1 | Reached skill level 25 in Shields
 52157 | Vaults:1 | Reached skill level 15 in Dodging
 52194 | Vaults:1 | Found Tonul's Magic Scroll Emporium.
 52216 | Vaults:1 | Found a ruined gateway.
 52227 | Desolati | Entered the Desolation of Salt
 52563 | Desolati | Got an ichor-stained scimitar
 52656 | Desolati | Noticed handsome's ghost (adept DsMo)
 52671 | Desolati | Killed handsome's ghost
 52748 | Desolati | Got a crystal war axe
 52751 | Desolati | Got a pitted zirconium amulet
 52752 | Desolati | Identified Ecloolam's Catalogue of Stones and Ignition
 52892 | Desolati | Identified the Collected Works on Changing
 52909 | Desolati | Identified Jirezxidi's Reference Book on Heat
 52912 | Desolati | Got a twitching brass ring
 53195 | Desolati | Identified the amulet "Ewep" {Spirit rF+ Str-4 Int+9} (You found it in the Desolation of Salt)
 53196 | Desolati | Identified the ring of Avvof {*Tele Int+4} (You found it in the Desolation of Salt)
 53312 | Vaults:1 | Bought a scroll of identify for 26 gold pieces
 53312 | Vaults:1 | Bought a scroll of identify for 26 gold pieces
 53312 | Vaults:1 | Bought a scroll of identify for 26 gold pieces
 54299 | Vaults:2 | Learned a level 1 spell: Apportation
 54301 | Vaults:2 | Learned a level 1 spell: Summon Butterflies
 54307 | Vaults:2 | Learned a level 5 spell: Aura of Abjuration
 54456 | Vaults:2 | Noticed Jory
 54470 | Vaults:2 | Killed Jory
 54914 | Lair:1   | Upgraded the game from 0.20-a0-1114-g33edf32 to 0.20-a0-1116-gaa52201
 55218 | Vaults:2 | Reached skill level 1 in Summonings
 55222 | Vaults:2 | Reached skill level 1 in Translocations
 55649 | Vaults:2 | Noticed Frederick
 55655 | Vaults:2 | Killed Frederick
 55790 | Vaults:2 | Noticed Margery
 55804 | Vaults:2 | Killed Margery
 56333 | Vaults:3 | Found a staircase to the Crypt.
 56423 | Vaults:3 | Reached skill level 26 in Shields
 56605 | Vaults:3 | Identified Sif Muna's Catalogue of Ashen Intoxication
 57264 | Vaults:4 | Reached skill level 5 in Summonings
 57264 | Vaults:4 | Reached skill level 5 in Translocations
 57369 | Vaults:4 | Got a warped buckler
 57864 | Vaults:4 | Found Relitwih's Antique Weapon Boutique.
 58179 | Vaults:4 | Identified the +3 buckler of Tukaemm {+Fly Str+2} (You found it on level 4 of the Vaults)
 58252 | Vaults:5 | Entered Level 5 of the Vaults
 58274 | Vaults:5 | Reached skill level 27 in Shields
 58296 | Vaults:5 | Reached skill level 10 in Spellcasting
 58340 | Vaults:5 | Noticed Sojobo
 58415 | Vaults:5 | Killed Sojobo
 58424 | Vaults:5 | Got a scintillating tin ring
 58504 | Vaults:5 | Got a pair of transparent boots
 58584 | Vaults:5 | Got blackened quicksilver dragon scales
 58592 | Vaults:5 | Got a polished bardiche {flame}
 59641 | Vaults:5 | Reached skill level 10 in Summonings
 59692 | Vaults:5 | Identified Sif Muna's Grimoire of Confrontation and Snow
 59926 | Vaults:5 | Got a silver rune of Zot
 60211 | Vaults:5 | Got a pair of crude boots
 60213 | Vaults:5 | Identified the cursed +0 pair of boots of the Gate {Int+3} (You found it on level 5 of the Vaults)
 60214 | Vaults:5 | Identified the +0 pair of boots "Nytair" {rF++ Int+3 Dex+2 Stlth+} (You found it on level 5 of the Vaults)
 60215 | Vaults:5 | Identified the quicksilver dragon scales of Ecedir {rElec rPois rC- MR+ Dex+4} (You took it off a deep elf high priest on level 5 of the Vaults)
 60216 | Vaults:5 | Identified the ring "Devecomn" {Fire Str-5 Dex+2 Stlth+} (You took it off a vault warden on level 5 of the Vaults)
 60222 | Vaults:5 | Got an ebony short sword
 60256 | Vaults:5 | Got an ichor-stained trident {pierce}
 60310 | Vaults:5 | Got a pitted dagger {freeze}
 60356 | Vaults:5 | Got a faintly glowing great sword {flame}
 60457 | Vaults:5 | Got a polished hand crossbow
 60472 | Vaults:5 | Got an uncursed steaming quarterstaff {crush}
 60511 | Vaults:3 | Got an ancient trident {freeze}
 60997 | Lair:1   | Lost mutation: Your magical capacity is low. (-10% MP) [potion of mutation]
 60997 | Lair:1   | Lost mutation: You are somewhat resistant to further mutation. [potion of mutation]
 60997 | Lair:1   | Lost mutation: You are resistant to electric shocks. (rElec) [potion of mutation]
 60997 | Lair:1   | Gained mutation: You are resistant to hostile enchantments. (MR+) [potion of mutation]
 60997 | Lair:1   | Lost mutation: You are resistant to hostile enchantments. (MR+) [potion of mutation]
 60997 | Lair:1   | Gained mutation: You can translocate small distances at will. [potion of mutation]
 60998 | Lair:1   | Lost mutation: You can translocate small distances at will. [potion of mutation]
 60998 | Lair:1   | Gained mutation: You are partially covered in yellow scales. (AC +2) [potion of mutation]
 60998 | Lair:1   | Gained mutation: You are frail. (-10% HP) [potion of mutation]
 60998 | Lair:1   | Gained mutation: Your system is resistant to poisons. (rPois) [potion of mutation]
 60999 | Lair:1   | Lost mutation: You are frail. (-10% HP) [potion of mutation]
 60999 | Lair:1   | Lost mutation: Your system is resistant to poisons. (rPois) [potion of mutation]
 60999 | Lair:1   | Lost mutation: You are partially covered in yellow scales. (AC +2) [potion of mutation]
 60999 | Lair:1   | Gained mutation: You are partially covered in large bone plates. (SH +4) [potion of mutation]
 60999 | Lair:1   | Gained mutation: Your body sometimes deteriorates upon taking damage. [potion of mutation]
 60999 | Lair:1   | Lost mutation: Your body sometimes deteriorates upon taking damage. [potion of mutation]
 60999 | Lair:1   | Gained mutation: You are somewhat resistant to further mutation. [potion of mutation]
 61443 | Temple   | Fell from the grace of Gozag
 61443 | Temple   | Became a worshipper of Zin the Law-Giver
 61443 | Temple   | Reached * piety under Zin
 61443 | Temple   | Reached ** piety under Zin
 61696 | Crypt:1  | Entered Level 1 of the Crypt
 61709 | Crypt:1  | Donated 5439 gold pieces to Zin
 61710 | Crypt:1  | Reached *** piety under Zin
 61721 | Crypt:1  | Noticed Mara
 61729 | Crypt:1  | Killed Mara
 61729 | Crypt:1  | Reached skill level 1 in Invocations
 61796 | Crypt:1  | Reached **** piety under Zin
 61887 | Vaults:3 | Reached ***** piety under Zin
 62186 | Crypt:1  | Reached ****** piety under Zin
 62890 | Crypt:2  | Found a basalt altar of Yredelemnul.
 63370 | Crypt:3  | Entered Level 3 of the Crypt
 63408 | Crypt:3  | Noticed Boris
 63412 | Crypt:3  | Killed Boris
 63597 | Crypt:3  | Reached skill level 5 in Invocations
 63625 | Crypt:3  | Found an ancient bone altar of Kikubaaqudgha.
 63625 | Crypt:3  | Noticed an ancient lich
 63636 | Crypt:3  | Killed an ancient lich
 63682 | Crypt:3  | Got a heavily runed sapphire amulet
 63683 | Crypt:3  | Identified the amulet "Hukuwnua" {Harm *Drain Str+6 Dex+3} (You found it on level 3 of the Crypt)
 63731 | Crypt:3  | Got a twitching lapis lazuli ring
 63731 | Crypt:3  | Got a pitted pewter ring
 63870 | Crypt:3  | Found a staircase to the Tomb.
 64128 | Crypt:3  | Identified Tuojosubb's Catalogue of Sinister Secrets
 64342 | Crypt:2  | Got a faintly glowing hunting sling
 64441 | Crypt:1  | Got a crystal spear
 64455 | Crypt:1  | Identified the ring of the Sneaky Places {rF+ rN+ MR+} (You found it on level 3 of the Crypt)
 64456 | Crypt:1  | Identified the ring of the Present {rF+ rN+ MP+9 Str+7} (You found it on level 3 of the Crypt)
 64633 | Tomb:1   | Entered Level 1 of the Tomb of the Ancients
 64723 | Tomb:1   | Noticed Malacante's ghost (legendary HOMo)
 64766 | Tomb:1   | Killed Malacante's ghost
 65462 | Tomb:2   | Noticed a greater mummy
 65462 | Tomb:2   | Noticed a greater mummy
 65472 | Tomb:2   | Noticed a greater mummy
 65476 | Tomb:2   | HP: 2/138 [greater mummy/divine providence (10)]
 65478 | Tomb:2   | Killed from afar by a greater mummy

Vault maps used:
D:1:      ncdulo_halloftheorcs, minmay_misc_feat_encased
D:2:      first_bread, chequers_ecumenical_altar_simple_redux
D:4:      serial_shops, kennysheep_mini, shop, nicolae_shop_stone, uniq_ijyb
D:5:      minmay_tree_intersection, uniq_edmund
D:6:      minmay_temple_entry_statues_pillars, hangedman_glass_teeth
D:7:      chequers_temple_overflow_minitemple, lemuel_doored_altar, the_bakery
D:8:      serial_shops, nicolae_shop_trees, tso_altar
D:9:      grunt_dithmenos_smoke, nicolae_overflow_crystal_walls,
          due_lair_maze_entry_diamond, basic_altar, uniq_psyche, uniq_erolcha
D:10:     erik_orc_3
D:11:     nicolae_zen_rock_garden, lightli_wizard_tower
D:12:     serial_shops, nicolae_shop_behind_doors, basic_altar
D:13:     nicolae_looking_at_the_future
D:14:     hangedman_vaults_entry_quadrant_bands, roderic_lattice_a
D:15:     gammafunk_depths_entry_grave, basic_altar, serial_shops, shop,
          kennysheep_pointless_box
Temple:   eino_temple_water
Lair:1:   uniq_joseph
Lair:2:   guppyfry_snake_entry_garden, beast_lair_carwin_8, lemuel_fruit_fields,
          minmay_lair_oklob_chamber, lemuel_fruit_tree
Lair:3:   minmay_swamp_entry_reptiles, portal_ice_cave_entry_imps,
          kennysheep_snail_temple, infiniplex_staircase_pool_2
Lair:4:   lab_entry_generic, grunt_megastairs_3, infiniplex_staircase_pool,
          uniq_nergalle
Lair:5:   slime_altar_1, nicolae_volcano_entry_vermiform, grunt_megastairs_1
Lair:6:   due_jungle_book
Swamp:1:  evilmike_swamp_ruin_house_6
Swamp:2:  evilmike_swamp_ruin_house_3, uniq_nikola
Swamp:3:  cheibrodos_swamp_tower_of_moss, evilmike_swamp_ruin_house_5,
          swamp_pool5
Swamp:4:  swamp_pestilence
Snake:2:  serial_shops, nicolae_shop_overgrown_old_shop
Snake:3:  hangedman_cross_stitches, grunt_ministairs_13, minmay_shop_star,
          uniq_bai_suzhen, uniq_aizul
Snake:4:  snake_pit_salamanders_mu, serial_shops, nicolae_shop_trees,
          st_stairs_10, uniq_jorgrun, uniq_vashnia, uniq_donald
Slime:3:  uniq_dissolution
Orc:1:    nooodl_orcs_dogs, uniq_urug
Orc:2:    st_orc_town, basic_altar, serial_shops, shop_fountains, bloody_makhleb
Elf:1:    eino_elf_arrival_sip, serial_shops, nicolae_shop_waterfront,
          nicolae_shop_behind_doors, shop, shop, hangedman_elf_disciples,
          dk_noncrumbling_4, uniq_roxanne, uniq_louise
Elf:2:    minmay_misc_feat_five
Elf:3:    elf_hall_gauntlet_narrow
Vaults:1: v_misc_25, vaults_room_pools, hangedman_vaults_hat,
          ontoclasm_vaults_bender, v_misc_10, hangedman_vaults_impose,
          v_alt_pattern_1, ontoclasm_vaults_ring_large,
          nicolae_vaults_ring_of_whatevers, vaults_room_fancy_cross,
          v_alt_pattern_2, portal_desolation_entry_salt, serial_shops,
          nicolae_shop_waterfront
Vaults:2: nicolae_vaults_circle_grid_a, hangedman_vaults_impose, v_misc_27,
          vaults_dpeg_diagonal, nicolae_vaults_theta, vaults_room_fours,
          nicolae_vaults_alarming, uniq_frederick, uniq_jory, uniq_margery
Vaults:3: v_misc_13, minmay_crypt_entry_simple_walls, grunt_vaults_twisty,
          grunt_vaults_funnel, vaults_standard_mumra_lines, v_misc_15,
          vaults_room_door_hall, ontoclasm_vaults_ring_small,
          vaults_room_hallway, nicolae_vaults_meeting,
          nicolae_vaults_little_squares_1, vaults_room_pool, v_misc_30,
          grunt_vaults_focal
Vaults:4: nicolae_vaults_disjoint_gnomons, v_pattern_4, v_misc_33, serial_ice_h,
          st_spiral_rooms, ontoclasm_vaults_pinch, vaults_room_stairs_pillars,
          nicolae_vaults_circle_grid_a, hangedman_vaults_locks,
          vaults_dpeg_ring, vaults_mumra_chevron_long, serial_shops, shop
Vaults:5: serial_shops, uniq_sojobo
Crypt:1:  weyrava_ghost_lake, uniq_mara
Crypt:2:  lemuel_statue_altar
Crypt:3:  cryptofortress_bobbens, uniq_boris
Depths:1: enter_ziggurat_f, hellmouth_1, nicolae_trove_entry_columns,
          minmay_shop_grove, uniq_asterion
Depths:2: hangedman_pleasuredromes, serial_shops, abyss_entry, hell_entry
Depths:3: evilmike_marble_ring, hell_entry, abyss_entry, rand_demon_pan_entry_9,
          kennysheep_big_empty_room, nicolae_for_you_no_charge
Depths:4: grunt_deathspiral_small, serial_shops, shop, corexii_leaking_fountain,
          serial_sigils, serial_sigils_hangedman_scratch,
          serial_sigils_hangedman_stare, serial_sigils_hangedman_clutch,
          serial_sigils_hangedman_gut, serial_sigils_hangedman_writhe,
          serial_sigils_hangedman_snap, nicolae_abyss_entry_one_way_or_another,
          hangedman_coc_ice_floe, uniq_saint_roka
Depths:5: evilmike_zot_entry_gauntlet, lightli_too_deep, grunt_decor_arrowhead,
          minmay_misc_feat_ornament
Zot:1:    lemuel_draconian_sentries_small
Zot:2:    grunt_zot_stairs_mandelzot, st_stairs_5, lemuel_elevator,
          grunt_megastairs_2
Zot:3:    grunt_zot_stairs_faceoff, nicolae_transmutations_shop
Zot:5:    basic_stair_grate_trap
Abyss:3:  evilmike_abyss_exit_vortex, evilmike_abyss_rune_siren_acolytes
Lab:      labyrinth_spiral, nicolae_lab_starburst, nicolae_lab_do_over,
          nicolae_lab_grate_2, nicolae_lab_swirl, nicolae_lab_stuck
Trove:    trove_weapon_1
IceCv:    ice_cave_statue_garden_teleport
Volcano:  volcano_pools

Skill      XL: |  1  2  3  4  5  6  7  8  9 10 11 12 13 14 15 16 17 18 19 20 21 22 23 24 25 26 27 |
---------------+----------------------------------------------------------------------------------+-----
Axes           | 2 3 4 5 6 8 9 10 12 13 14 15 17 18 | 18.6
Stealth        | 1 2 3 4 5 20 | 20.4
Shields        | 3 4 5 6 7 9 10 13 15 17 18 20 21 23 27 | 27.0
Fighting       | 3 4 5 6 7 8 9 10 11 12 | 12.3
Armour         | 3 4 5 6 7 8 9 10 11 12 13 14 15 17 18 19 20 21 | 21.5
Evocations     | 2 4 |  4.0
Spellcasting   | 4 6 7 12 | 12.0
Dodging        | 2 4 6 7 8 9 10 11 12 13 18 | 18.1
Summonings     | 10 | 10.0
Translocations | 9 |  9.3
Invocations    | 7 |  7.6

Action                   |  1- 3 |  4- 6 |  7- 9 | 10-12 | 13-15 | 16-18 | 19-21 | 22-24 | 25-27 || total
-------------------------+-------+-------+-------+-------+-------+-------+-------+-------+-------++-------
Melee: War axe           |   107 |   158 |   385 |   442 |       |       |       |       |       ||  1092
       Bite              |    28 |    45 |   129 |   268 |   588 |   755 |   705 |   697 |  1995 ||  5210
       Broad axe         |       |       |       |   295 |  1231 |  1257 |  1326 |  1134 |  3405 ||  8648
Invok: Call Merchant     |       |       |       |       |       |     3 |       |     2 |     5 ||    10
       Potion Petition   |       |       |       |       |       |     1 |       |       |       ||     1
       Recite            |       |       |       |       |       |       |       |       |     1 ||     1
       Donate Gold       |       |       |       |       |       |       |       |       |     1 ||     1
       Bribe Branch      |       |       |       |       |       |       |       |       |     1 ||     1
 Abil: Stop Flying       |       |       |       |       |       |       |       |       |     1 ||     1
       Evoke Flight      |       |       |       |       |       |       |       |       |     1 ||     1
Evoke: Wand              |       |       |       |     1 |       |       |       |     1 |     4 ||     6
  Use: Potion            |       |     3 |     1 |       |     8 |       |       |     5 |     8 ||    25
       Scroll            |       |     5 |       |    10 |    17 |     7 |     8 |    11 |    37 ||    95
 Stab: Distracted        |       |       |       |     4 |     9 |    14 |    31 |    21 |    74 ||   153
       Invisible         |       |       |       |     2 |       |       |       |       |       ||     2
       Confused          |       |       |       |       |     2 |       |       |       |     1 ||     3
       Sleeping          |       |       |       |       |       |       |       |       |    47 ||    47
  Eat: Chunk             |     1 |     8 |     5 |       |       |       |       |       |       ||    14
       Royal jelly       |       |       |     3 |     2 |     2 |     5 |     6 |     5 |     7 ||    30
       Fruit             |       |       |     1 |     2 |    23 |     1 |     1 |     7 |    17 ||    52
       Meat ration       |       |       |       |     3 |     3 |     4 |     2 |     1 |     9 ||    22
Armor: Scale mail        |    64 |    82 |    48 |     4 |       |       |       |       |       ||   198
       Chain mail        |       |       |    69 |   171 |    15 |       |       |       |       ||   255
       Plate armour      |       |       |       |    49 |   431 |   356 |   255 |   347 |   401 ||  1839
       Pearl dragon scal |       |       |       |       |       |       |       |       |   144 ||   144
Dodge: Dodged            |    29 |    48 |   115 |   198 |   328 |   410 |   354 |   341 |   766 ||  2589
Block: Shield            |    69 |    78 |   265 |   518 |   892 |   956 |   864 |   853 |    81 ||  4576
       Reflection        |       |       |     9 |    19 |     8 |    79 |   110 |    68 |   144 ||   437
       Large shield      |       |       |       |       |       |       |       |       |  3344 ||  3344
